 Dungeon Crawl Stone Soup version 0.25-a0-1056-g2efb326896 (webtiles) character file.

Game seed: 5718985707252243852, levelgen mode: deterministic

576 Esekla the Magician (level 7, -2/45 HPs)
             Began as an Octopode Wizard on May 13, 2020.
             Was a Believer of Vehumet.
             Slain by a slave (8 damage)
             ... led by Pikel
             ... on level 5 of the Dungeon.
             The game lasted 00:40:37 (6245 turns).

Esekla the Magician (Octopode Wizard)               Turns: 6245, Time: 00:40:37

Health: -2/45      AC:  1    Str:  8    XL:     7   Next: 35%
Magic:  12/14      EV: 13    Int: 21    God:    Vehumet [**....]
Gold:   109        SH:  0    Dex: 10    Spells: 3/15 levels left

rFire    . . .     SeeInvis .   v - +0 spear (venom)
rCold    . . .     Gourm    .   (no shield)
rNeg     . . .     Faith    .   a - +0 hat
rPois    .         Spirit   .   (no amulet)
rElec    .         Reflect  .   (no ring)
rCorr    .         Harm     .   (no ring)
MR       .....                  (no ring)
Stlth    +++.......             (no ring)
HPRegen  0.15/turn              (no ring)
MPRegen  0.14/turn              (no ring)
                                (no ring)
                                (no ring)

@: stab
A: almost no armour, stealthy swim, amphibious, 8 rings, constrict 8, camouflage
1, gelatinous body 1
a: Renounce Religion


You were on level 5 of the Dungeon.
You worshipped Vehumet.
Vehumet was pleased with you.
You were near starving.

You visited 1 branch of the dungeon, and saw 5 of its levels.

You collected 109 gold pieces.

Inventory:

Hand Weapons
 h - a +0 dagger of holy wrath
 s - a +0 vorpal spear
 v - a +0 spear of venom (weapon)
Missiles
 i - 8 javelins (quivered)
 w - 8 poisoned darts
Armour
 a - a +0 hat (worn)
 j - a +0 buckler
Wands
 o - a wand of iceblast (6)
Scrolls
 d - a scroll of enchant armour {unknown}
 f - a scroll of noise {unknown}
 g - 6 scrolls of identify
 k - 2 scrolls of fear {unknown}
 l - 2 scrolls of remove curse {unknown}
 m - 4 scrolls of teleportation {unknown}
 r - a scroll of amnesia {unknown}
 u - a scroll of fog {unknown}
Potions
 b - a potion of brilliance {unknown}
 e - a potion of lignification {unknown}
 n - a potion of might {unknown}
 p - a potion of curing {unknown}
 q - 2 potions of stabbing
 t - a potion of magic {unknown}
Comestibles
 c - 11 rations


   Skills:
 + Level 2.5 Fighting
 + Level 0.4 Short Blades
 + Level 0.7 Polearms
 + Level 2.6 Dodging
 + Level 3.4 Stealth
 * Level 1.4 Shields
 * Level 4.8 Spellcasting
 + Level 2.9 Conjurations
   Level 1.0 Summonings
 * Level 2.2 Translocations
 * Level 1.3 Air Magic
 * Level 2.0 Poison Magic


You had 3 spell levels left.
You knew the following spells:

 Your Spells              Type           Power        Failure   Level  Hunger
a - Magic Dart            Conj           ###.         3%          1    None
b - Blink                 Tloc           N/A          6%          2    None
c - Mephitic Cloud        Conj/Pois/Air  ##......     14%         3    ##.....
d - Static Discharge      Conj/Air       ##......     14%         3    ##.....
f - Conjure Flame         Conj/Fire      ##......     19%         3    ##.....

Your spell library contained the following spells:

 Spells                   Type           Power        Failure   Level  Hunger
 Animate Skeleton         Necr           N/A          11%         1    None
 Corona                   Hex            #......      11%         1    None
 Call Imp                 Summ           #.......     11%         2    None
 Ensorcelled Hibernation  Hex/Ice        #.....       17%         2    None
 Slow                     Hex            #.......     17%         2    None
 Dazzling Flash           Conj/Hex       ##....       19%         3    ##.....
 Confusing Touch          Hex            #.......     32%         3    ##.....
 Tukima's Dance           Hex            #.......     32%         3    ##.....


Dungeon Overview and Level Annotations

Branches:
Dungeon (5/15)
 Temple: D:4-7

Altars:
Kikubaaqudgha
Okawaru
Sif Muna
Vehumet
Wu Jian

Shops:
D:4 [

Annotations:
D:3 2 transporters, Amnesiac's ghost, amateur DEGl
D:5 Grinder; Pikel


Innate Abilities, Weirdness & Mutations

You cannot wear most types of armour.
You are very stealthy in the water. (Stealth+)
You are amphibious.
You can wear up to eight rings at the same time.
You can use your tentacles to constrict eight enemies at once.
Your skin changes colour to match your surroundings (Stealth+).
Your rubbery body absorbs attacks. (AC +1, EV +1)


Message History

Aim: Pikel, wielding a +2 whip of flaming and wearing a cursed +0 robe (lightly wounded, constricted by you, extremely poisoned)
The magic dart hits Pikel.
Pikel is lightly wounded.
You constrict Pikel. The slave misses you. Pikel closely misses you.
Casting: Magic Dart (safe; 3% risk of failure)
Confirm with . or Enter, or press ? or * to list all spells.
Aiming: Magic Dart (safe; 3% risk of failure)
Press: ? - help, Shift-Dir - straight line, f/p - Pikel
Aim: Pikel, wielding a +2 whip of flaming and wearing a cursed +0 robe (moderately wounded, constricted by you, extremely poisoned)
The magic dart hits Pikel but does no damage.
Pikel is moderately wounded.
You constrict Pikel, but do no damage. The slave hits you.
Pikel hits you with a +2 whip of flaming!
* * * LOW HITPOINT WARNING * * *
Pikel burns you.
* * * LOW HITPOINT WARNING * * *
It was a potion of stabbing.
You feel ready to backstab.
You constrict Pikel. The slave hits you!
You die...

#. ##### h
##...#
#...@#
##..pKph....
#...#p.....
##..###....
#### .#. #


You could see Pikel (extremely poisoned), 3 slaves and a jackal.

Vanquished Creatures
  A bullfrog (D:3)
  A howler monkey (D:4)
  A crimson imp (D:5)
  A centaur skeleton (D:5)
  An iguana (D:4)
  2 worker ants (D:4)
  Robin (D:2)
  A howler monkey zombie (D:5)
  14 gnolls
  6 adders
  An ooze (D:2)
  4 worms
  A dart slug (D:1)
  2 leopard geckos
  2 orcs (D:4)
  4 giant cockroaches
  18 goblins
  19 hobgoblins
  4 jackals
  5 kobolds
  3 quokkas
  8 bats
  4 frilled lizards
  5 rats
109 creatures vanquished.

Notes
Turn   | Place    | Note
-------+----------+-------------------------------------------
     0 | D:1      | Esekla the Octopode Wizard began the quest for the Orb.
     0 | D:1      | Reached XP level 1. HP: 11/11 MP: 4/4
   273 | D:1      | Reached XP level 2. HP: 17/17 MP: 4/6
   290 | D:2      | Learned a level 2 spell: Blink
   526 | D:4      | Reached skill level 1 in Fighting
   526 | D:4      | Reached XP level 3. HP: 12/23 MP: 0/8
   918 | D:4      | Learned a level 3 spell: Mephitic Cloud
   922 | D:4      | Learned a level 3 spell: Conjure Flame
   935 | D:4      | Found Donkih's Antique Armour Shop.
   983 | D:4      | Found a shimmering blue altar of Sif Muna.
   983 | D:4      | Found an ancient bone altar of Kikubaaqudgha.
   984 | D:4      | Found a radiant altar of Vehumet.
   986 | D:4      | Identified Kikubaaqudgha's Papyrus of Black Arts
   997 | D:4      | Became a worshipper of Vehumet
  1058 | D:3      | Found a transporter.
  1108 | D:2      | Reached XP level 4. HP: 26/28 MP: 7/9
  1272 | D:2      | Found an ornate altar of the Wu Jian Council.
  1285 | D:2      | Noticed Robin
  1407 | D:1      | Reached * piety under Vehumet
  1407 | D:1      | Offered knowledge of Sandblast by Vehumet.
  1758 | D:1      | You fall into a shaft and drop 1 floor!
  2123 | D:3      | Reached XP level 5. HP: 32/33 MP: 4/10
  2582 | D:2      | Found an iron altar of Okawaru.
  2685 | D:2      | Killed Robin
  2693 | D:2      | Offered knowledge of Foxfire by Vehumet.
  2697 | D:2      | Reached ** piety under Vehumet
  2926 | D:2      | Reached skill level 4 in Spellcasting
  3265 | D:3      | Reached skill level 1 in Poison Magic
  4027 | D:3      | Reached XP level 6. HP: 24/39 MP: 10/12
  4441 | D:3      | Noticed Amnesiac's ghost (amateur DEGl)
  4442 | D:3      | Found a transporter.
  4572 | D:4      | Offered knowledge of Static Discharge by Vehumet.
  4588 | D:4      | Learned a level 3 spell: Static Discharge
  5229 | D:3      | Reached skill level 1 in Shields
  5229 | D:3      | Reached skill level 1 in Air Magic
  5453 | D:4      | Reached XP level 7. HP: 37/45 MP: 8/13
  5837 | D:5      | Entered Level 5 of the Dungeon
  6175 | D:5      | Noticed Grinder
  6237 | D:5      | Noticed Pikel
  6245 | D:5      | Slain by a slave

Illustrated notes

Levels and vault maps discovered:
D:1:      onia_arrival_mini_spirals, layout_basic, lemuel_another_geyser
D:2:      layout_basic, lemuel_doored_altar, kennysheep_okawaru_gauntlet,
          uniq_robin
D:3:      layout_basic, gammafunk_ghost_smash, roderic_lattice_a
D:4:      layout_basic, grunt_temple_overflow_magic_moments, serial_shops,
          kennysheep_mini, first_ration, serial_bayou_pond_b,
          nrook_loot_triangle
D:5:      layout_cave_pools, old_standard_altar, uniq_grinder, uniq_pikel

Skill      XL: |  1  2  3  4  5  6  7 |
---------------+----------------------+-----
Fighting       | 1 2 |  2.5
Stealth        | 3 |  3.4
Spellcasting   | 4 |  4.8
Poison Magic   | 1 2 |  2.0
Conjurations   | 2 |  2.9
Translocations | 2 |  2.2
Shields        | 1 |  1.4
Air Magic      | 1 |  1.3
Short Blades   | |  0.4
Polearms       | |  0.7
Dodging        | |  2.6
Summonings     | |  1.0

Action                   |  1- 3 |  4- 6 |  7- 9 || total
-------------------------+-------+-------+-------++-------
Melee: Unarmed           |     5 |       |       ||     5
       Short sword       |    30 |    38 |       ||    68
       Constrict         |     8 |    43 |     4 ||    55
       Tentacles         |     6 |    13 |     4 ||    23
       Dagger            |       |    62 |    11 ||    73
       Spear             |       |    43 |    10 ||    53
Throw: Javelin           |       |     5 |       ||     5
 Cast: Magic Dart        |    27 |   172 |    21 ||   220
       Blink             |       |     1 |       ||     1
  Use: Scroll            |       |     1 |       ||     1
       Potion            |       |       |     1 ||     1
 Stab: Sleeping          |       |     9 |     1 ||    10
  Eat: Chunk             |       |    14 |     1 ||    15
Armor: Skin              |     7 |    10 |       ||    17
Dodge: Dodged            |    43 |   110 |    23 ||   176

Table legend:
 A = Non-vault XP
 B = Vault XP
 C = Vault XP percentage of total XP
 D = Non-vault monster count
 E = Vault monster count
 F = Vault count percentage of total count
                 A         B        C        D         E       F
            +---------+---------+-------+---------+---------+-------
      Total |     551 |     272 |  33.0 |      90 |      19 |  17.4
            +---------+---------+-------+---------+---------+-------
        D:1 |      43 |       2 |   4.4 |      24 |       1 |   4.0
        D:2 |      63 |      37 |  37.0 |      21 |      12 |  36.4
        D:3 |     171 |      95 |  35.7 |      29 |       2 |   6.5
        D:4 |     172 |     138 |  44.5 |      13 |       4 |  23.5
        D:5 |     102 |       0 |   0.0 |       3 |       0 |   0.0
            +---------+---------+-------+---------+---------+-------
